 Dungeon Crawl Stone Soup version 0.30.1-11-g7821555f0a (webtiles) character file.

Game seed: 2486700784029310261

66419 CrazyMind the Destroyer (level 14, -13/101 HPs)
             Began as a Demonspawn Conjurer on Nov 25, 2023.
             Was an Initiate of Gozag.
             Mangled by a two-headed ogre
             ... wielding a +0 giant club of flaming
              (26 damage)
             ... in a volcano on Nov 30, 2023.
             The game lasted 02:08:23 (23179 turns).

CrazyMind the Destroyer (Demonspawn Conjurer)      Turns: 23179, Time: 02:08:24

Health: -13/101    AC: 17    Str:  8    XL:     14   Next: 79%
Magic:  22/28      EV: 13    Int: 38    God:    Gozag
Gold:   5701       SH:  4    Dex: 12    Spells: 10/33 levels left

rFire   + + .        u - +7 rapier (spect)
rCold   + . .        t - +0 buckler
rNeg    . . .        H - +2 leather armour {rF+}
rPois   +            Y - +3 helmet of Hubris {Rampage Int+4}
rElec   +            J - +1 cloak of Laitt {Int+4 Slay+3}
rCorr   +            W - +1 pair of gloves
SInv    .            V - +0 pair of boots {rampage}
Will    +....        e - amulet of magic regeneration
Stlth   ++++         R - ring of poison resistance
HPRegen 1.36/turn    P - +6 ring of intelligence
MPRegen 0.61/turn

%: rampage
@: resistant, gold aura
A: powered by death 2, spiny 2, sharp scales 1, demonic touch 2
a: Renounce Religion, Potion Petition, Call Merchant, Bribe Branch


You were in a volcano.
You worshipped Gozag.
Gozag was greatly pleased with you.
You visited 3 branches of the dungeon, and saw 21 of its levels.
You also visited: Sewer, Bailey, Gauntlet and Volcano.

You collected 6453 gold pieces.
You spent 658 gold pieces at shops.
You paid 94 gold pieces to Gozag.

Inventory:

Hand Weapons
 u - a +7 spectral rapier (weapon)
Missiles
 g - 32 poisoned darts (quivered)
 q - 28 boomerangs
 z - a javelin
 S - 5 curare-tipped darts
 T - 3 throwing nets
Armour
 t - a +0 buckler (worn)
 H - a +2 leather armour of fire resistance (worn)
 J - the +1 cloak of Laitt (worn) {Int+4 Slay+3}
   (You found it on level 14 of the Dungeon)

   Int:       It affects your intelligence (+4).
   Slay:      It affects your accuracy & damage with ranged weapons and melee
   (+3).
 V - a +0 pair of boots of rampaging (worn)
 W - a +1 pair of gloves (worn)
 Y - the +3 helmet of Hubris (worn) {Rampage Int+4}
   (You found it on level 1 of the Lair of Beasts)

   Int:       It affects your intelligence (+4).
   Rampage:   It bestows one free step when moving towards enemies.
Jewellery
 e - an amulet of magic regeneration (around neck)
 P - a +6 ring of intelligence (right hand)
 Q - a ring of positive energy
 R - a ring of poison resistance (left hand)
Wands
 f - a wand of roots (36)
 n - a wand of light (7)
 s - a wand of mindburst (19)
 v - a wand of digging (12)
 y - a wand of polymorph (4)
 I - a wand of paralysis (9)
Scrolls
 a - 3 scrolls of vulnerability
 c - 4 scrolls of blinking
 d - 12 scrolls of teleportation
 k - 2 scrolls of magic mapping
 F - 7 scrolls of fog
 L - 6 scrolls of summoning
 N - a scroll of poison
 O - a scroll of fear
Potions
 b - 5 potions of magic
 h - 4 potions of mutation
 j - 8 potions of curing
 l - a potion of invisibility
 m - a potion of ambrosia
 o - 3 potions of lignification
 p - 5 potions of flight
 w - 4 potions of haste
 x - 6 potions of heal wounds
 C - a potion of might
 G - 3 potions of cancellation
 U - 4 potions of brilliance
Miscellaneous
 X - a condenser vane


   Skills:
 + Level 6.3 Fighting
 + Level 11.2 Short Blades
 - Level 4.1 Maces & Flails
 * Level 6.9 Armour
 + Level 6.5 Dodging
 + Level 10.3 Stealth
 * Level 3.2 Shields
 * Level 10.1 Spellcasting
 * Level 12.0 Conjurations
 + Level 6.0 Hexes
 + Level 1.3 Translocations
 + Level 0.5 Earth Magic
 + Level 0.2 Evocations


You had 10 spell levels left.
You knew the following spells:

 Your Spells              Type           Power      Damage    Failure   Level
a - Magic Dart            Conj           100%       1d8       1%          1
b - Searing Ray           Conj           100%       2d8       1%          2
c - Dazzling Flash        Conj/Hex       100%       N/A       1%          3
d - Iskenderun's Mystic   Conj/Tloc      63%        2d13      2%          4
e - Passwall              Tmut/Erth      17%        N/A       6%          2
f - Fulminant Prism       Conj/Hex       36%        3d18      1%          4
g - Ensorcelled Hibernat  Hex/Ice        84%        N/A       1%          2
h - Iskenderun's Battles  Conj           84%        2d13      1%          5

Your spell library contained the following spells:

 Spells                   Type           Power      Damage    Failure   Level
 Shock                    Conj/Air       100%       1d9       1%          1
 Slow                     Hex            100%       N/A       1%          1
 Confusing Touch          Hex            59%        N/A       1%          3
 Apportation              Tloc           58%        N/A       2%          1
 Inner Flame              Hex/Fire       42%        N/A       3%          3
 Necrotise                Necr           76%        1d7       4%          1
 Volatile Blastmotes      Fire/Tloc      48%        2d14      10%         3
 Swiftness                Air            19%        N/A       13%         3
 Vampiric Draining        Necr           19%        2d7       13%         3
 Yara's Violent Unravell  Hex/Tmut       21%        3d10      34%         5
 Airstrike                Air            9%         2d(2-18)  38%         4
 Iron Shot                Conj/Erth      30%        9d6       45%         6
 Lee's Rapid Deconstruct  Erth           11%        3d8*      67%         5
 Agony                    Necr           19%        N/A       75%         5
 Alistair's Intoxication  Tmut/Pois      12%        N/A       75%         5
 Enfeeble                 Hex            29%        N/A       97%         7
 Spellforged Servitor     Conj/Summ      30%        N/A       97%         7


Dungeon Overview and Level Annotations

Branches:
Dungeon (15/15) Zot: 24864  Temple (1/1) D:7 Zot: 5764    Lair (5/5) D:9 Zot: 25401
 Shoals (0/4) Lair:3        Snake (0/4) Lair:2        Slime (0/5) Lair:5
    Orc (0/2) D:11         Vaults (0/5) D:14         Depths (0/4) D:15
  Sewer (visited)          Bailey (visited)         Volcano (1/1) Zot: 5846
Gauntlet (visited)

Altars:
Ashenzari
Cheibriados
Dithmenos
Fedhas
Gozag
Hepliaklqana
Kikubaaqudgha
Makhleb
Nemelex Xobeh
Okawaru
Qazlal
Ru
Sif Muna
Trog
Uskayaw
Vehumet
Wu Jian
Xom
Yredelemnul

Shops:
D:11 [

Annotations:
D:7 exclusion: 6 centaurs
Lair:4 1 runed translucent door, Aricsoirch's ghost, journeyman GrFi


Innate Abilities, Weirdness & Mutations

You regenerate health from kills.
You are mostly covered in sharp spines.
You are partially covered in razor-sharp scales. (AC +1, Slay +1)
Your touch may inflict irresistible damage on your foes.


Message History

The salamander is struck by your spines.
The salamander misses you.
You feel much better.
Your +7 spectral rapier disappears.
You are engulfed in blazing flames.
You resist.
The two-headed ogre is engulfed in blazing flames.
The two-headed ogre is struck by your spines.
The two-headed ogre hits you with a +2 great mace of flaming!!
* * * LOW HITPOINT WARNING * * *
The two-headed ogre burns you.
* * * LOW HITPOINT WARNING * * *
The two-headed ogre barely misses you.
The salamander is struck by your spines.
The salamander closely misses you.
You feel protected.
You are engulfed in blazing flames.
You resist.
* * * LOW HITPOINT WARNING * * *
The two-headed ogre is no longer blind.
The two-headed ogre is engulfed in blazing flames.
The two-headed ogre hits you with a +0 giant club of flaming.
* * * LOW HITPOINT WARNING * * *
You block the two-headed ogre's attack.
The salamander is struck by your spines.
The salamander hits you but does no damage.
Casting: Dazzling Flash (safe; 1% risk of failure)
Confirm with . or Enter, or press ? or * to list all spells.
Casting: Dazzling Flash (safe; 1% risk of failure)
Press: ? - help, Dir - look around, f - activate The salamander is dazzled.
The two-headed ogre is dazzled. x2
You are engulfed in blazing flames.
You resist.
The two-headed ogre is struck by your spines.
The two-headed ogre hits you but does no damage.
The two-headed ogre hits you with a +0 giant club of flaming!
* * * LOW HITPOINT WARNING * * *
The two-headed ogre burns you.
* * * LOW HITPOINT WARNING * * *
The two-headed ogre is engulfed in blazing flames.
The two-headed ogre hits you with a +0 giant club of flaming!!
You die...
Your body crumbles into a pile of gold.

≈≈≈≈≈≈~.~^+ $ #§.§≈≈≈≈≈
≈≈≈≈≈≈~~~^# #.§≈≈≈≈§≈
≈≈≈≈≈≈≈~~.## ##.≈.≈≈°§≈
≈≈≈≈≈≈≈~...####..≈≈≈°§§§
≈≈≈≈≈≈≈~.........≈.°≈°#§
≈≈≈≈≈≈≈≈~..####...○°≈°≈#
≈≈≈≈≈≈≈.~.##°°##..§°§°≈≈
≈≈≈≈≈≈~≈~.#°°O○#°°°§§§≈≈
≈≈≈≈≈≈~..#°°N@°°.§§§§#≈
≈≈≈≈≈≈~.#°°°O#°§°§§§≈#
≈≈≈≈≈~~.##$°##.≈≈≈§≈≈≈
≈≈≈≈≈≈~..####...≈≈§≈§#
≈≈≈≈≈≈~........≈.≈≈≈#≈
≈≈≈≈≈≈~..####...≈§≈§§#
≈≈≈≈≈≈~.##[.##.§.§§§≈§
≈≈≈≈°~..#..).#.≈≈§§≈≈#
≈≈≈≈≈~~.'))[.#.§≈§§≈§§≈


You could see a salamander (blind) and 2 two-headed ogres.

Vanquished Creatures
  Kirke (D:15)
  An orc warlord (Bailey)
  A minotaur (Gauntlet)
  An ettin (D:15)
  A hydra (Lair:1)
  6 boulder beetles
  Erica (D:9)
  2 catoblepae
  2 dancing weapons (D:14)
  3 centaur warriors
  4 tengu warriors
  5 two-headed ogres
  A hell hog (Volcano)
  A hell knight (D:15)
  An orange crystal statue (Gauntlet)
  An orc knight (D:15)
  A deep elf pyromancer (D:14)
  10 ugly things
  A necromancer (D:15)
  5 cyclopes
  An elephant (D:9)
  3 manticores
  2 black mambas
  A torpor snail (Gauntlet)
  2 rime drakes
  5 cane toads
  2 efreet
  3 tengu conjurers
  6 komodo dragons
  A polar bear (Lair:3)
  3 meliai (D:15)
  2 polar bears (shapeshifter)
  4 trolls
  15 blink frogs
  A centaur simulacrum (D:15)
  A vampire (D:9)
  4 wraiths
  36 yaks
  9 slime creatures
  2 shadows
  A basilisk (D:9)
  Eustachio (D:4)
  3 fire bats
  3 wyverns
  4 hogs (D:15)
  A human (shapeshifter) (D:15)
  10 vampire mosquitoes
  4 nagas (Lair:2)
  7 water moccasins
  3 hell hounds
  4 black bears
  10 orc warriors
  3 ice beasts
  2 sky beasts
  14 wolves
  4 ogres
  10 centaurs
  2 phantoms
  A kobold brigand (Sewer)
  13 bullfrogs
  2 gnoll sergeants
  3 scorpions
  8 wights
  20 killer bees
  2 electric eels (Lair:4)
  7 howler monkeys
  A jelly (D:5)
  14 orc priests
  2 hounds
  A sleepcap (D:6)
  3 iguanas
  Natasha (thrice) (D:4)
  12 orc wizards
  5 gnolls
  8 adders
  2 shadow imps (D:5)
  2 white imps
  A worm (D:3)
  A dart slug (D:2)
  50 orcs
  9 ball pythons
  4 bats
  8 endoplasms
  4 giant cockroaches
  8 goblins
  10 hobgoblins
  3 quokkas
  4 frilled lizards
  30 kobolds
  14 rats
493 creatures vanquished.

Vanquished Creatures (others)
  An orc (D:9)
  42 fulminant prisms
  A spectral weapon (D:14)
44 creatures vanquished.

Grand Total: 537 creatures vanquished

Notes
Turn   | Place    | Note
-------+----------+-------------------------------------------
     0 | D:1      | CrazyMind the Demonspawn Conjurer began the quest for the
                  | Orb.
     0 | D:1      | Reached XP level 1. HP: 13/13 MP: 3/3
   236 | D:1      | Gained mutation: You are partially covered in sharp spines.
                  | [demonic ancestry]
   236 | D:1      | Reached XP level 2. HP: 19/19 MP: 0/5
   239 | D:1      | Learned a level 2 spell: Searing Ray
  1031 | D:2      | Gained mutation: You are mostly covered in sharp spines.
                  | [demonic ancestry]
  1031 | D:2      | Reached XP level 3. HP: 23/24 MP: 3/6
  1039 | D:2      | Learned a level 3 spell: Dazzling Flash
  1674 | D:2      | Noticed an ogre
  1950 | D:2      | Reached skill level 5 in Conjurations
  2050 | D:2      | Killed an ogre
  2051 | D:2      | Reached XP level 4. HP: 30/30 MP: 1/7
  2286 | D:3      | Gained mutation: Your touch may inflict minor irresistible
                  | damage on your foes. [demonic ancestry]
  2286 | D:3      | Reached XP level 5. HP: 35/35 MP: 5/8
  2369 | D:3      | Found the +6 shillelagh "Devastator" {shatter}
  3080 | D:4      | Noticed Eustachio
  3080 | D:4      | Noticed an ogre
  3134 | D:4      | Noticed Natasha
  3154 | D:4      | Killed Natasha
  3195 | D:4      | Noticed Natasha
  3200 | D:4      | Killed Natasha
  3201 | D:4      | Reached skill level 1 in Maces & Flails
  3246 | D:4      | Noticed an ogre
  3248 | D:4      | Gained mutation: You regenerate a little health from kills.
                  | [demonic ancestry]
  3248 | D:4      | Reached XP level 6. HP: 33/42 MP: 10/10
  3254 | D:4      | Reached skill level 6 in Conjurations
  3265 | D:4      | Noticed Natasha
  3274 | D:4      | Killed Natasha
  3361 | D:4      | Killed Eustachio
  3362 | D:4      | Reached skill level 1 in Fighting
  3362 | D:4      | Gained mutation: You regenerate health from kills. [demonic
                  | ancestry]
  3362 | D:4      | Reached XP level 7. HP: 32/48 MP: 11/11
  3386 | D:4      | Found a glowing drain.
  3412 | Sewer    | Entered a sewer
  3775 | Sewer    | Identified the +7 quarterstaff "Jinirha" {heavy, +Blink
                  | rPois Dex+2}
  4020 | D:5      | Entered Level 5 of the Dungeon
  4213 | D:5      | Gained mutation: Your touch may inflict irresistible damage
                  | on your foes. [demonic ancestry]
  4213 | D:5      | Reached XP level 8. HP: 31/54 MP: 13/13
  4286 | D:5      | Reached skill level 1 in Short Blades
  4627 | D:6      | Reached skill level 5 in Stealth
  4978 | D:6      | Found an opulent altar of Gozag.
  4984 | D:6      | Became a worshipper of Gozag Ym Sagoz the Greedy
  5075 | D:6      | Reached skill level 7 in Conjurations
  5272 | D:7      | Reached XP level 9. HP: 61/61 MP: 13/15
  5586 | D:7      | Found a staircase to the Ecumenical Temple.
  5600 | Temple   | Entered the Ecumenical Temple
  6988 | D:8      | Reached skill level 5 in Short Blades
  6991 | D:8      | Reached skill level 5 in Spellcasting
  7143 | D:8      | Gained mutation: You are partially covered in razor-sharp
                  | scales. (AC +1, Slay +1) [demonic ancestry]
  7143 | D:8      | Reached XP level 10. HP: 64/70 MP: 17/17
  7344 | D:8      | Learned a level 4 spell: Iskenderun's Mystic Blast
  7349 | D:8      | Learned a level 4 spell: Fulminant Prism
  7451 | D:9      | Noticed an elephant
  7478 | D:9      | Noticed a two-headed ogre
  7499 | D:9      | Killed a two-headed ogre
  7500 | D:9      | Reached skill level 8 in Conjurations
  7500 | D:9      | Reached skill level 1 in Hexes
  7652 | D:9      | Noticed Erica
  7656 | D:9      | Killed Erica
  7724 | D:9      | Killed an elephant
  7800 | D:9      | Found a staircase to the Lair.
  8172 | D:9      | HP: 3/71 [something (2)]
  8857 | D:10     | Entered Level 10 of the Dungeon
  8857 | D:10     | Found a flagged portal.
  8882 | Bailey   | Entered a bailey
  8903 | Bailey   | Noticed an orc warlord
  8985 | Bailey   | Found a runed translucent gate.
  8985 | Bailey   | Found a runed translucent gate.
  9097 | Bailey   | Found a runed translucent gate.
  9282 | Bailey   | Killed an orc warlord
  9283 | Bailey   | Reached XP level 11. HP: 10/77 MP: 20/20
  9298 | Bailey   | Identified the staff of fire "Bubul" {Contam rPois rF+
                  | Will+}
  9511 | D:10     | Reached skill level 5 in Dodging
  9511 | D:10     | Reached skill level 9 in Conjurations
  9511 | D:10     | Reached XP level 12. HP: 85/85 MP: 20/23
  9535 | D:10     | Reached skill level 5 in Fighting
  9653 | D:10     | Noticed a two-headed ogre
 10541 | D:10     | Killed a two-headed ogre
 10726 | Lair:1   | Entered Level 1 of the Lair of Beasts
 10900 | Lair:1   | Reached skill level 10 in Conjurations
 10945 | Lair:1   | Found a hide-covered altar of Uskayaw.
 11029 | Lair:1   | Noticed a four-headed hydra
 11504 | Lair:1   | HP: 3/86 [komodo dragon (30)]
 11817 | Lair:1   | Identified the +3 helmet of Hubris {Rampage Int+4}
 11827 | Lair:1   | Learned a level 2 spell: Passwall
 12175 | Lair:1   | Killed a four-headed hydra
 12238 | Lair:2   | Reached skill level 1 in Translocations
 12367 | Lair:2   | Found a staircase to the Snake Pit.
 13300 | Lair:3   | Found a gate leading to a gauntlet.
 13312 | Lair:3   | Reached XP level 13. HP: 80/92 MP: 18/25
 13356 | Gauntlet | Entered a Gauntlet
 13356 | Gauntlet | Found a transporter.
 13363 | Gauntlet | Found a transporter.
 13365 | Gauntlet | Found a transporter.
 13376 | Gauntlet | Found a transporter.
 13379 | Gauntlet | Found a transporter.
 13388 | Gauntlet | Found a transporter.
 13400 | Gauntlet | Noticed a cacodemon
 13401 | Gauntlet | Found a runed translucent door.
 13403 | Gauntlet | Found a transporter.
 13414 | Gauntlet | Found a transporter.
 13426 | Gauntlet | Found a transporter.
 13440 | Gauntlet | Found a transporter.
 13454 | Gauntlet | Found a transporter.
 13454 | Gauntlet | Found a transporter.
 13498 | Gauntlet | Found a transporter.
 13507 | Gauntlet | Found a runed translucent door.
 13513 | Gauntlet | Found a transporter.
 13688 | Gauntlet | Identified the +0 helmet of Elyvilon's Supremacy {Slay+3}
 13792 | Gauntlet | Reached skill level 10 in Short Blades
 13798 | Gauntlet | Identified the +1 hand axe of Hashiruf {heavy, rElec rPois}
 13820 | Gauntlet | Noticed a minotaur
 13829 | Gauntlet | Killed a minotaur
 13830 | Gauntlet | Reached skill level 5 in Armour
 13834 | Gauntlet | Identified the +3 falchion of Excruciating Pain {antimagic,
                  | rC+ Int+3}
 13834 | Gauntlet | Identified the staff of conjuration "Ahoig" {*Slow rPois
                  | rC+ rN+}
 13834 | Gauntlet | Identified the +6 flail "Qogub" {protect, Dex+3 Stlth+}
 14265 | Lair:3   | Found a staircase to the Shoals.
 15571 | Lair:4   | Found a runed translucent door.
 15575 | Lair:4   | Noticed Aricsoirch's ghost (journeyman GrFi)
 15786 | D:11     | Found Worphige's Armour Shoppe.
 15806 | D:11     | Bought a +3 leather armour of willpower for 336 gold pieces
 15806 | D:11     | Bought a +1 pair of gloves for 161 gold pieces
 15806 | D:11     | Bought a +0 pair of boots of rampaging for 161 gold pieces
 15843 | D:11     | Identified 2 scrolls of acquirement
 15843 | D:11     | Acquired 839 gold pieces
 15845 | D:11     | Acquired 734 gold pieces
 16193 | D:11     | Found a staircase to the Orcish Mines.
 17041 | D:12     | Reached skill level 11 in Conjurations
 19320 | D:14     | Identified the +1 cloak of Laitt {Int+4 Slay+3}
 19429 | D:14     | Found a gate to the Vaults.
 19472 | D:14     | Reached skill level 5 in Hexes
 19661 | D:14     | Reached XP level 14. HP: 77/99 MP: 27/27
 19849 | D:14     | Reached skill level 1 in Shields
 20652 | D:15     | Entered Level 15 of the Dungeon
 20969 | D:15     | Reached skill level 10 in Stealth
 21236 | D:15     | Found a staircase to the Depths.
 21252 | D:15     | Found an ornate altar of the Wu Jian Council.
 22047 | D:15     | Noticed Kirke
 22050 | D:15     | Noticed a sphinx
 22076 | D:15     | Killed Kirke
 22172 | D:15     | Found a bloodstained altar of Trog.
 22463 | D:15     | Reached skill level 10 in Spellcasting
 22917 | Lair:5   | Entered Level 5 of the Lair of Beasts
 23015 | Lair:5   | Found a dark tunnel.
 23025 | Volcano  | Entered a volcano
 23029 | Volcano  | Learned a level 2 spell: Ensorcelled Hibernation
 23035 | Volcano  | Learned a level 5 spell: Iskenderun's Battlesphere
 23059 | Volcano  | Reached skill level 12 in Conjurations
 23179 | Volcano  | Mangled by a two-headed ogre

Illustrated notes

Levels and vault maps discovered:
D:1:      spicycebolla_arrival_clurvy, layout_rooms
D:2:      layout_basic, nrook_loot_triangle
D:3:      layout_loops_corners, dk_noncrumbling_4
D:4:      cheibrodos_old_hovel, layout_basic, cheibrodos_sewer_entry_drain,
          uniq_natasha, uniq_eustachio
D:5:      layout_rooms, kennysheep_small_spiral
D:6:      layout_rooms, old_standard_altar
D:7:      layout_loops_corners, minmay_temple_entry_drinking_statues,
          centaur_isle
D:8:      layout_gridville, dreamdust_princess_bridge
D:9:      layout_loops_ring, david_lair_generic, eino_jars, uniq_erica
D:10:     layout_loops_ring, enter_bailey_2, kennysheep_potato
D:11:     layout_layer_cave, orc_0_dummy, serial_shops, nicolae_shop_waterfront,
          palyth_stone_intersect
D:12:     layout_grid_maze
D:13:     layout_basic, david_defended_altar_orc
D:14:     layout_gridville, erik_vaults_1, hangedman_decor_opposing,
          minmay_fractal_squares_gapless_5
D:15:     hangedman_depths_entry_civil_slaughter, layout_loops_ring,
          nzn_wu_jian_council_hall, trog_butcher_becter, uniq_kirke
Temple:   mainiacjoe_temple_archimedes_tessellation
Lair:1:   layout_roguey, basic_altar, beast_lair_carwin_11, lemuel_fruit_fields
Lair:2:   layout_cave_pods, minmay_snake_entry_guardpost_small,
          chequers_serial_rivers_room_b
Lair:3:   layout_gridlike, shoals_dummy_entry, gauntlet_entry_generic,
          infiniplex_staircase_pool_2
Lair:4:   layout_cave_shapes, ebering_ghost_inner_flame, serial_bayou_shore_a
Lair:5:   minmay_lair_end_frog_pond, layout_cave_pods, slime_entry_1,
          enter_volcano_3, lemuel_fruit_tree, uniq_nessos, uniq_sonja
Volcano:  volcano_village

Skill      XL: |  1  2  3  4  5  6  7  8  9 10 11 12 13 14 |
---------------+-------------------------------------------+-----
Stealth        | 2 3 4 5 6 7 8 9 10 | 10.3
Conjurations   | 5 6 7 8 9 10 11 12 | 12.0
Dodging        | 2 3 4 5 6 |  6.5
Maces & Flails | 1 2 3 4 |  4.1
Spellcasting   | 3 4 5 6 7 8 9 10 | 10.1
Fighting       | 1 2 3 4 5 6 |  6.3
Short Blades   | 3 5 7 8 9 10 11 | 11.2
Hexes          | 2 3 4 5 6 |  6.0
Armour         | 2 4 5 6 |  6.9
Translocations | 1 |  1.3
Shields        | 3 |  3.2
Earth Magic    | |  0.5
Evocations     | |  0.2

Action                     |  1- 3 |  4- 6 |  7- 9 | 10-12 | 13-15 || total
---------------------------+-------+-------+-------+-------+-------++-------
  Melee: Dagger            |    20 |     5 |       |       |       ||    25
         Shillelagh        |       |    36 |    34 |       |       ||    70
         Touch             |       |     2 |    22 |    55 |    39 ||   118
         Rapier            |       |       |   138 |   257 |   412 ||   807
         Punch             |       |       |     1 |     5 |     4 ||    10
  Throw: Dart              |     4 |     2 |     5 |    14 |     8 ||    33
         Boomerang         |       |       |    12 |       |       ||    12
         Javelin           |       |       |       |       |     3 ||     3
   Cast: Magic Dart        |    31 |       |       |       |       ||    31
         Searing Ray       |    13 |     2 |    10 |     6 |     5 ||    36
         Dazzling Flash    |       |       |     8 |    63 |    91 ||   162
         Fulminant Prism   |       |       |       |    21 |    21 ||    42
         Iskenderun's Myst |       |       |       |     9 |    12 ||    21
         Passwall          |       |       |       |     1 |       ||     1
  Evoke: Wand              |       |     1 |       |     2 |       ||     3
    Use: Scroll            |     2 |     5 |     4 |     8 |    12 ||    31
         Potion            |       |       |       |     5 |     6 ||    11
   Stab: Sleeping          |     5 |     2 |     8 |    19 |    30 ||    64
         Invisible         |       |       |     4 |    15 |    35 ||    54
         Distracted        |       |       |     1 |     1 |     7 ||     9
         Petrified         |       |       |       |       |     2 ||     2
 Armour: Robe              |     7 |     3 |    33 |    13 |       ||    56
         Leather armour    |       |       |       |    21 |   134 ||   155
  Dodge: Dodged            |    24 |    18 |    94 |   156 |   215 ||   507
  Block: Buckler           |       |       |       |       |    40 ||    40
